 Dungeon Crawl Stone Soup version bcrawl-1.38.3 (webtiles) character file.

Game seed: 7391298002970184252

135962 HammerPanzer the Chopper (level 4, 39/39 HPs)
             Began as a Minotaur Berserker on June 16, 2023.
             Was a Believer of Trog.
             Quit the game on level 2 of the Dungeon.
             The game lasted 00:04:58 (1737 turns).

HammerPanzer the Chopper (Minotaur Berserker)       Turns: 1737, Time: 00:04:59

Health: 39/39      AC:  5    Str: 23    XL:     4   Next: 26%
Magic:  3/3        EV: 11    Int:  4    God:    Trog [**....]
Gold:   147        SH:  0    Dex:  9    Spells: 3/3 levels left

rFire    . . .     GDR:     23% a - +1 hand axe
rCold    . . .     SeeInvis .   (no shield)
rNeg     . . .     Gourm    +   h - +0 ring mail
rPois    .         Faith    .   (helmet restricted)
rElec    .         Spirit   .   (no cloak)
rCorr    .         Reflect  .   (no gloves)
MR       .....                  (no boots)
Stlth    ..........             f - amulet of the gourmand
HPRegen  0.16/turn              (no ring)
MPRegen  0.08/turn              (no ring)

@: no status effects
A: retaliatory headbutt, horns 2
a: Berserk, Trog's Hand, Renounce Religion


You were on level 2 of the Dungeon.
You worshipped Trog.
Trog was pleased with you.
You were very hungry.

You visited 1 branch of the dungeon, and saw 2 of its levels.

You collected 147 gold pieces.

Inventory:

Hand Weapons
 a - a +1 hand axe (weapon)
Armour
 h - a +0 ring mail (worn)
Jewellery
 f - an amulet of the gourmand (around neck)
Scrolls
 c - a scroll of amnesia
 j - a scroll of fog
 k - a scroll of remove curse
Potions
 g - 2 potions of curing
 l - a potion of flight {unknown}
Comestibles
 e - 4 rations {!d}


   Skills:
 - Level 3.6 Fighting
 + Level 6.2 Axes
 - Level 2.4 Armour
 - Level 2.1 Dodging


You had 3 spell levels left.
You didn't know any spells.
Your spell library was empty.

Dungeon Overview and Level Annotations

Branches:
Dungeon (2/12)

Altars:
Trog


Innate Abilities, Weirdness & Mutations

You reflexively headbutt those who attack you in melee.
You have a pair of horns on your head.


Message History

You see here a +0 mace.
You see here a dagger.
All of the chunks of flesh in your inventory have rotted away.
You are feeling very hungry.
You now have 147 gold pieces (gained 21).
b - a scroll labeled CEICRING AXTUGH You see here a ring mail.
Partly explored, can't reach some items.
As you read the scroll labeled MARUONK CAJA, it crumbles to dust.
The scroll dissolves into smoke.
It was a scroll of fog.
As you read the scroll labeled CEICRING AXTUGH, it crumbles to dust.
You feel aware of your surroundings.
It was a scroll of magic mapping.
As you read the scroll of identify, it crumbles to dust.
d - 2 potions of magic
As you read the scroll of identify, it crumbles to dust.
g - 2 potions of curing Drop what? 10/52 slots (_ for help) (? for menu, Esc to quit)
Autopickup disabled for potions of magic.
You drop 2 potions of magic.
Are you sure you want to abandon this character and quit the game? (Confirm with "yes".)

#.# #.# #..# #.# #.# #.# #.#
#..###.# #.# #.# ######.#
#......# #.# #.# #...##.#
#.###..# #.. #.# ###...##.#
#.###..###### #.######........##
#........##.. #..............#.##
#####.[#.##.. #.######.....(###§#
#......... #.# ###...#.#@##
##........ #.# #...##§##
####.##..
..########..################[####
........##..#####)...............
#.#####................######.#.#
#.# ####).#####.####..........#
#.######....[.....# #..#####.###
............####### #..# #.#
#...........# ###..# #.#


There were no monsters in sight!

Vanquished Creatures
  Jessica (D:2)
  An adder (D:2)
  2 dart slugs
  5 leopard geckos
  An orc (D:2)
  2 ball pythons
  A giant cockroach (D:2)
  5 goblins
  6 hobgoblins
  3 jackals (D:1)
  A bat (D:1)
  3 frilled lizards (D:1)
  6 kobolds
  2 rats (D:1)
39 creatures vanquished.

Notes
Turn   | Place    | Note
-------+----------+-------------------------------------------
     0 | D:1      | HammerPanzer the Minotaur Berserker began the quest for the
                  | Orb.
     0 | D:1      | Reached XP level 1. HP: 19/19 MP: 0/0
    92 | D:1      | Reached skill level 4 in Axes
   127 | D:1      | Reached XP level 2. HP: 26/26 MP: 1/1
   368 | D:1      | Reached skill level 5 in Axes
   482 | D:1      | Reached XP level 3. HP: 30/31 MP: 2/2
  1158 | D:2      | Noticed Jessica
  1160 | D:2      | Killed Jessica
  1160 | D:2      | Reached ** piety under Trog
  1161 | D:2      | Reached skill level 6 in Axes
  1161 | D:2      | Reached XP level 4. HP: 30/39 MP: 3/3
  1530 | D:2      | Found a bloodstained altar of Trog.
  1737 | D:2      | Quit the game

Skill      XL: |  1  2  3 |
---------------+----------+-----
Axes           | 4 5 6 |  6.2
Fighting       | |  3.6
Armour         | |  2.4
Dodging        | |  2.1

Action                   |  1- 3 |  4- 6 || total
-------------------------+-------+-------++-------
Melee: Hand axe          |    45 |    21 ||    66
       Headbutt          |     8 |     3 ||    11
Invok: Berserk           |     1 |       ||     1
  Use: Scroll            |     3 |     4 ||     7
  Eat: Chunk             |     1 |     2 ||     3
Armor: Animal skin       |     2 |       ||     2
       Leather armour    |     1 |       ||     1
       Ring mail         |     2 |     5 ||     7
Dodge: Dodged            |    40 |    11 ||    51
